 Dungeon Crawl Stone Soup version 0.23.2-1-ga50397a (webtiles) character file.

Game seed: 11353635755001498842

82 whitewolfNL the Cudgeler (level 4, -6/40 HPs)
             Began as a Minotaur Berserker on May 21, 2019.
             Was a Follower of Trog.
             Mangled by a gnoll
             ... wielding a +0 halberd
              (13 damage)
             ... on level 2 of the Dungeon.
             The game lasted 00:03:36 (1048 turns).

whitewolfNL the Cudgeler (Minotaur Berserker)       Turns: 1048, Time: 00:03:37

Health: -6/40      AC:  5    Str: 21    XL:     4   Next: 21%
Magic:  3/3        EV: 12    Int:  4    God:    Trog [*.....]
Gold:   50         SH:  0    Dex: 11    Spells: 3/3 levels left

rFire    . . .     SeeInvis .   r - +0 whip (drain)
rCold    . . .     Gourm    .   (no shield)
rNeg     . . .     Faith    .   m - +0 ring mail
rPois    .         Spirit   .   (helmet restricted)
rElec    .         Reflect  .   (no cloak)
rCorr    .         Harm     .   (no gloves)
MR       .....                  (no boots)
Stlth    +.........             h - amulet of inaccuracy (curse)
HPRegen  0.13/turn              (no ring)
MPRegen  0.08/turn              (no ring)

@: berserk cooldown, slowed, very slow
A: retaliatory headbutt, horns 2
a: Berserk, Renounce Religion


You were on level 2 of the Dungeon.
You worshipped Trog.
Trog was aware of your devotion.
You were very hungry.

You visited 1 branch of the dungeon, and saw 2 of its levels.

You collected 50 gold pieces.

Inventory:

Hand Weapons
 a - a +0 mace
 r - a +0 whip of draining (weapon)
Missiles
 b - a throwing net
 d - 15 bolts
 l - 4 stones (quivered)
Armour
 m - a +0 ring mail (worn)
Jewellery
 h - a cursed amulet of inaccuracy (around neck)
 p - an uncursed amulet of magic regeneration {unknown}
Scrolls
 f - a scroll of random uselessness {unknown}
 i - 2 scrolls of identify {unknown}
 j - a scroll of blinking {unknown}
 k - a scroll of amnesia {unknown}
 q - 2 scrolls of remove curse {unknown}
Potions
 e - a potion of mutation {unknown}
 g - a potion of brilliance {unknown}
 n - 3 potions of might {unknown}
 o - a potion of cancellation {unknown}
Comestibles
 c - 3 rations


   Skills:
 * Level 4.1 Fighting
 * Level 4.2 Maces & Flails
 * Level 1.2 Throwing
 + Level 2.9 Armour
 * Level 2.9 Dodging
 * Level 1.2 Stealth


You had 3 spell levels left.
You didn't know any spells.
Your spell library was empty.

Dungeon Overview and Level Annotations

Branches:
Dungeon (2/15)

Altars:


Innate Abilities, Weirdness & Mutations

You reflexively headbutt those who attack you in melee.
You have a pair of horns on your head.


Message History

An adder comes into view.
The adder hisses angrily.
The gnoll barely misses you. You furiously retaliate!
You headbutt the gnoll!
You kill the gnoll!
Trog accepts your kill.
You have reached level 4!
You feel agile.
You see here a +0 halberd.
The gnoll barely misses you.
You see here a +0 halberd.
The adder barely misses you.
You see here a +0 dagger.
The adder barely misses you. You furiously retaliate!
You headbutt the adder!
You kill the adder!
Trog accepts your kill. The gnoll barely misses you.
The gnoll closely misses you. The gnoll closely misses you.
The gnoll hits you from afar with a +0 halberd!
You die...

########
#..g...#
#.####.# #)#
#.# #.# #.#
..#######g#
#g# ###
........).##
#g# #<#
#######)....#
#.# #.#
......†.....#
#@# #.#
......#)....#
#.# #.# .....
####.## #.#
###.### ....
#.# #.#
#.....# ...
..#
#.#####..####
.. .#
#........# #
#######..#
...>..
##..####


You could see 2 gnolls.

Vanquished Creatures
  5 gnolls (D:2)
  2 adders (D:2)
  2 leopard geckos (D:1)
  4 goblins (D:1)
  2 bats (D:1)
  3 kobolds
  2 rats (D:1)
20 creatures vanquished.

Notes
Turn   | Place    | Note
-------+----------+-------------------------------------------
     0 | D:1      | whitewolfNL the Minotaur Berserker began the quest for the
                  | Orb.
     0 | D:1      | Reached XP level 1. HP: 19/19 MP: 0/0
   553 | D:1      | Reached XP level 2. HP: 15/27 MP: 1/1
  1023 | D:2      | Reached XP level 3. HP: 33/33 MP: 2/2
  1031 | D:2      | Reached skill level 1 in Throwing
  1031 | D:2      | Reached skill level 1 in Stealth
  1032 | D:2      | Reached XP level 4. HP: 4/40 MP: 3/3
  1048 | D:2      | Mangled by a gnoll

Skill      XL: |  1  2  3 |
---------------+----------+-----
Fighting       | 4 |  4.1
Maces & Flails | 4 |  4.2
Throwing       | 1 |  1.2
Stealth        | 1 |  1.2
Armour         | |  2.9
Dodging        | |  2.9

Action                   |  1- 3 |  4- 6 || total
-------------------------+-------+-------++-------
Melee: Mace              |    26 |       ||    26
       Headbutt          |     3 |       ||     3
       Whip              |    11 |       ||    11
Invok: Berserk           |     1 |       ||     1
Armor: Ring mail         |    16 |       ||    16
Dodge: Dodged            |    38 |     6 ||    44
